Cogmind - Beta 15 @@@ ROGUE MODE // 2025.07.12 @ 04:26:21 Player: puppuppit Result: Destroyed by D-53 Grenadier with Mini Grenade Launcher Performance ------------- Evolutions (0) 0 Regions Visited (2) 400 Robots Destroyed (36) 180 Value Destroyed (621) 621 Prototype IDs (0) 0 Alien Tech Used (0) 0 Bonus (0) 0 TOTAL SCORE: 1201 Bonus ------- None Cogmind --------- Core Integrity 0/250 Matter 140/300 Energy 100/100 System Corruption 1% Temperature Cool (0) Movement Core (350) Ox6 Location -10/Mines Parts ------- > --- POWER (1) -------- (None) > --- PROPULSION (2) --- (None) > --- UTILITY (2) ------ Large Storage Unit Targeting Computer > --- WEAPON (2) ------- (None) > --- INVENTORY (15) --- Improved Treads Improved Treads Improved Treads Improved Treads Improved Heat Sink Medium Matter Pod (100) Medium Matter Pod (100) Improved Terrain Scanner Transport Network Coupler Core Shielding Assault Rifle Assault Rifle Rocket Launcher Rocket Launcher Peak State ------------ > --- POWER ------------ Ion Engine > --- PROPULSION ------- Improved Treads Improved Treads > --- UTILITY ---------- Large Storage Unit Targeting Computer > --- WEAPON ----------- Assault Rifle Mini Grenade Launcher > --- INVENTORY -------- Light Treads Light Treads Improved Treads Improved Treads Improved Heat Sink Small Storage Unit Medium Matter Pod Medium Matter Pod Improved Terrain Scanner Transport Network Coupler Core Shielding EM Pulse Gun EM Pulse Gun Light Assault Rifle Mini Grenade Launcher [Rating: 12] Favorites ----------- Power Ion Engine Engine Ion Engine Propulsion Light Treads Treads Light Treads Utility Large Storage Unit Device Improved Terrain Scanner Storage Large Storage Unit Processor Targeting Computer Weapon Assault Rifle Energy Gun EM Pulse Gun Ballistic Gun Assault Rifle Launcher Mini Grenade Launcher Build | -11 -10 -10 ------- Run | Yrd Mat Min Slots Evolved . | . . . Power . | . . . Propulsion . | . . . Utility . | . . . Weapon . | . . . Parts Attached 20 | 7 11 2 Power 1 | 1 . . Engine 1 | 1 . . Core . | . . . Reactor . | . . . Propulsion 7 | 2 5 . Treads 7 | 2 5 . Leg . | . . . Wheel . | . . . Hover . | . . . Flight . | . . . Utility 4 | 2 2 . Device 1 | 1 . . Storage 2 | 1 1 . Processor 1 | . 1 . Hackware . | . . . Protection . | . . . Artifact . | . . . Weapon 8 | 2 4 2 Energy Gun 2 | 1 1 . Energy Cannon . | . . . Ballistic Gun 3 | 1 1 1 Ballistic Cannon . | . . . Launcher 3 | . 2 1 Special Weapon . | . . . Impact Weapon . | . . . Slashing Weapon . | . . . Piercing Weapon . | . . . Special Melee Weapon . | . . . Unidentified Prototypes . | . . . Parts Lost 7 | . 1 6 Power 1 | . . 1 Propulsion 2 | . . 2 Utility . | . . . Weapon 4 | . 1 3 Highest Loss Streak 4 | . 1 4 To Critical Strikes . | . . . Average Backups 9 | . 10 14 Power . | . . . Propulsion 1 | . 1 4 Utility 4 | . 5 6 Weapon 3 | . 3 4 Tool/Special . | . . . Unused Backups 14 | . 3 11 Power . | . . . Propulsion 4 | . . 4 Utility 5 | . . 5 Weapon 5 | . 3 2 Tool/Special . | . . . Average Slot Usage (%) 99 | . 99 85 Engine 13 | . 14 3 Treads 27 | . 27 26 Device 7 | . 7 . Storage 14 | . 14 14 Processor 6 | . 6 14 Energy Gun 9 | . 9 . Ballistic Gun 18 | . 17 24 Peak Build Rating 12 | 9 12 11 Average Rating 9 | 7 10 9 On Entrance 6 | . 9 11 Naked Turns . | . . . Heaviest Build 31 | 15 31 23 Greatest Support 46 | 40 46 46 Greatest Overweight (x) . | . . . Average Overweight (x) . | . . . Largest Inventory Capacity 15 | 8 15 15 Average Capacity 13 | 7 14 15 Most Carried 15 | 1 15 15 Average Carried 9 | . 10 14 Final Capacity 15 | 8 15 15 Final Carried 15 | 1 15 14 Class Distribution -------------------- 100% | Mutant Dominant Class ---------------- Mutant | -10/Materials Mutant | -10/Mines Resources | -11 -10 -10 ----------- Run | Yrd Mat Min Matter Collected 1052 | 384 656 12 Remotely . | . . . Salvage Created 1285 | 253 883 149 Parts 74 | 20 53 1 Haulers Intercepted 1 | . 1 . Recyclers Shooed 1 | . 1 . Parts Field Recycled . | . . . Retrieved Matter . | . . . Parts Self-Destructed . | . . . Prevented . | . . . Kills | -11 -10 -10 ------- Run | Yrd Mat Min Combat Hostiles Destroyed 22 | . 13 9 Guns 14 | . 10 4 AOE 8 | . 3 5 Classes Destroyed 9 | 3 5 1 Worker 6 | 2 4 . Tunneler 5 | 5 . . Hauler 1 | . 1 . Recycler 5 | 1 4 . Operator 1 | . 1 . Watcher 3 | . 3 . Swarmer 3 | . 3 . Grunt 12 | . 10 2 Assembled 7 | . . 7 Best Kill Streak 8 | 5 7 8 Combat Bots Only 8 | . 4 8 Max Kills in Single Turn 2 | 1 2 2 Gunslinging . | . . . Exploded 2 | . 2 2 Melee . | . . . Uniques/NPCs Destroyed . | . . . Combat | -11 -10 -10 -------- Run | Yrd Mat Min Hostile Shots Fired 92 | . 58 34 Missed 20 | . 15 5 Hits 72 | . 43 29 Melee 3 | . . 3 Projectile 69 | . 43 26 AOE 7 | . . 7 Damage Taken 1341 | . 656 685 Core 255 | . 83 172 Absorbed by Shields . | . . . Regen/Repaired (Parts) 44 | . 44 . Core Remaining (%) 100 | 100 . . Volleys Fired 125 | 20 82 23 Largest 2 | 2 2 2 Hottest 60 | 60 60 40 Shots Fired 236 | 40 155 41 Gun 220 | 40 144 36 Cannon . | . . . Launcher 16 | . 11 5 Special . | . . . Kinetic 160 | 20 104 36 Thermal . | . . . Explosive 16 | . 11 5 Electromagnetic 60 | 20 40 . Robot Hit Streak 9 | 9 9 7 Robot Miss Streak 6 | 3 6 3 Penetration Max . | . . . Secondary Targets 1 | . 1 . Max Gunslinging Chain 1 | . 1 . Shots Hit Robots 137 | 22 87 28 Core Hits 71 | 9 39 23 Critical Kills 2 | . 2 . Critical Parts Destroyed . | . . . Critical Strikes 3 | 1 2 . Destroy 2 | . 2 . Corrupt 1 | 1 . . Melee Attacks . | . . . Impact . | . . . Slashing . | . . . Piercing . | . . . Sneak Attacks . | . . . Combat Hostiles . | . . . Follow-up Attacks . | . . . Damage Inflicted 2316 | 336 1333 647 Guns 1557 | 307 978 272 Cannons . | . . . Explosions 759 | 29 355 375 Melee . | . . . Ramming . | . . . Kinetic 1048 | 151 625 272 Thermal 189 | 29 160 . Explosive 570 | . 195 375 Electromagnetic 509 | 156 353 . Impact . | . . . Slashing . | . . . Piercing . | . . . Highest Corruption 1 | . 1 1 Average Corruption 1 | . 1 1 Corruption Purged . | . . . Corruption Blocked . | . . . Effects 9 | . 9 . Message Errors 4 | . 4 . Matter Fused 2 | . 2 . Energy Discharges 1 | . 1 . Data Loss (minor) 1 | . 1 . Data Loss (major) 1 | . 1 . Overload Shots . | . . . Overflow Damage 36 | 4 16 16 Projectiles . | . . . Explosions 36 | 4 16 16 Melee . | . . . Knockbacks . | . . . Impact . | . . . Kinetic . | . . . Secondary . | . . . Self-Inflicted Damage 169 | . 151 18 Shots 6 | . 5 1 Rammed . | . . . Targets Rammed . | . . . Kicked . | . . . Crushed . | . . . Highest Temperature 25 | 20 24 25 Average Temperature 11 | 20 11 10 Received Heat Transfer 252 | . 189 63 Siege Activations . | . . . Martial Activations . | . . . Shielding Activations . | . . . Robots Disrupted . | . . . Combat Hostiles . | . . . Robots Corrupted . | . . . Combat Hostiles . | . . . Parts Fried 1 | . 1 . Impact Corruptions . | . . . Robots Melted . | . . . Combat Hostiles . | . . . Parts Melted . | . . . Heat Transferred 200 | 50 150 . Parts Sabotaged . | . . . Parts Stolen . | . . . Parts Stripped . | . . . Power Chain Reactions 5 | 1 4 . Alert | -11 -10 -10 ------- Run | Yrd Mat Min Maximum Alert Level 1 | . 1 . Low Security (%) 96 | 100 95 100 Level 1 3 | . 4 . Level 2 . | . . . Level 3 . | . . . Level 4 . | . . . Level 5 . | . . . High Security . | . . . Max Security . | . . . Peak Influence 237 | 15 237 137 Initial 88 | . . 88 Average 54 | 3 56 117 Influence Increases 729 | 40 600 89 Destroy 0b10 Robot/C 300 | . 260 40 Destroy 0b10 Robot/NC 105 | 40 65 . Destroy Leader 78 | . 68 10 Successful Hack 33 | . 33 . Disable Machine 30 | . 30 . Destroy Structure 123 | . 84 39 Lose Combat Pursuer 60 | . 60 . Influence Decreases 662 | 40 372 250 Entered New Map 140 | . . 140 Time Decay 442 | 40 362 40 Lost Part 70 | . 10 60 Lost Ally 10 | . . 10 Squads Dispatched 4 | . 4 . Investigation 3 | . 3 . Extermination . | . . . Reinforcement 1 | . 1 . Assault . | . . . Garrison . | . . . Intercept . | . . . Searches Triggered . | . . . Construction Impeded . | . . . Haulers Reinforced . | . . . Active Scanning Responses . | . . . Cargo Convoy Interrupts . | . . . Stealth | -11 -10 -10 --------- Run | Yrd Mat Min Distress Signals 1 | . 1 . Communications Jammed . | . . . Distress Signals . | . . . Times Spotted 46 | . 29 17 Peak Tracking Total 9 | . 4 9 Tactical Retreats 5 | . 3 2 Traps | -11 -10 -10 ------- Run | Yrd Mat Min Traps Triggered 4 | . 4 . Indirectly . | . . . Trap Hack Attempts . | . . . Triggered . | . . . Disarmed . | . . . Reprogrammed . | . . . Reused . | . . . Traps Extracted . | . . . Installed . | . . . Triggered . | . . . Machines | -11 -10 -10 ---------- Run | Yrd Mat Min Machines Disabled 3 | . 3 . Max in Single Turn 1 | . 1 . Machines Repaired . | . . . Machines Dismantled . | . . . Machines Sabotaged . | . . . Overloaded Fab Kills . | . . . Hacking | -11 -10 -10 --------- Run | Yrd Mat Min Machines Accessed 9 | . 9 . Terminals 6 | . 6 . Fabricators . | . . . Repair Stations 1 | . 1 . Recycling Units 2 | . 2 . Scanalyzers . | . . . Garrison Access . | . . . Total Hacks 28 | . 28 . Successful 18 | . 18 . Failed 9 | . 9 . Catastrophic . | . . . Database Lockouts 1 | . 1 . Manual 23 | . 23 . Terminals 17 | . 17 . Fabricators . | . . . Repair Stations 2 | . 2 . Recycling Units 9 | . 9 . Scanalyzers . | . . . Garrison Access . | . . . Terminal Hacks 2 | . 2 . Robot Analysis 1 | . 1 . Terminal Index 1 | . 1 . Fabricator Hacks . | . . . Repair Station Hacks 2 | . 2 . Scan Component 1 | . 1 . Repair 1 | . 1 . Recycling Unit Hacks 1 | . 1 . Retrieve Components 1 | . 1 . Scanalyzer . | . . . Garrison Access Hacks . | . . . Unauthorized Hacks 13 | . 13 . Terminals 8 | . 8 . Assimilate 1 | . 1 . Botnet 2 | . 2 . Skim 5 | . 5 . Fabricators . | . . . Repair Stations . | . . . Recycling Units 5 | . 5 . Reject 2 | . 2 . Recyclers 1 | . 1 . Mask 2 | . 2 . Scanalyzers . | . . . Garrison Access . | . . . Data Cores Recovered . | . . . Used . | . . . Hacking Detections 7 | . 7 . Full Trace Events 1 | . 1 . Feedback Events . | . . . Feedback Blocked . | . . . Robot Schematics Acquired . | . . . Robots Built . | . . . Authchips . | . . . Time . | . . . Total Robot Build Rating . | . . . Part Schematics Acquired . | . . . Parts Built . | . . . Authchips . | . . . Time . | . . . Total Part Build Rating . | . . . Parts Repaired 1 | . 1 . Time 26 | . 26 . Parts Recycled . | . . . Recycled Matter . | . . . Retrieved Matter . | . . . Retrieved Components 7 | . 7 . Parts Scanalyzed . | . . . Part Schematics Acquired . | . . . Parts Damaged . | . . . Bothacking | -11 -10 -10 ------------ Run | Yrd Mat Min Used RIF Installer . | . . . Robots Hacked . | . . . Non-combat . | . . . Combat . | . . . Robot Hacks Applied . | . . . Relay Couplers Released . | . . . Fabnet Peak Effective % . | . . . Robots Rewired . | . . . Allies Hacked . | . . . Hacks Repelled . | . . . Allies | -11 -10 -10 -------- Run | Yrd Mat Min Total Allies 1 | . 1 . Largest Group 1 | . 1 1 Highest-Rated Group 10 | . 10 9 Highest-Rated Ally 10 | . 10 9 Total Orders . | . . . Ally Attacks . | . . . Total Damage . | . . . Kills . | . . . Allies Corrupted . | . . . Allies Melted . | . . . Intel | -11 -10 -10 ------- Run | Yrd Mat Min Active Infowar (turns) 1130 | 131 999 . Terrain 1130 | 131 999 . Robot Analysis Total 1 | . 1 . Derelict Logs Recovered . | . . . Drone Launches . | . . . Drone Recoveries . | . . . Exploration | -11 -10 -10 ------------- Run | Yrd Mat Min Turns Passed 2144 | 177 1886 81 Spaces Moved 1073 | 72 990 11 Core 8 | 8 . . Treads 1065 | 64 990 11 Legs . | . . . Wheels . | . . . Hover . | . . . Flight . | . . . Fastest Speed 50 | 50 160 160 Average Speed 159 | 147 160 160 Slowest Speed 160 | 160 160 160 Overloaded Moves . | . . . Propulsion Burnouts . | . . . Robots Hopped . | . . . Potential Cave-ins 6 | . 6 . Cave-ins Triggered . | . . . Exploration Rate (%) 36 | 4 94 10 Regions Visited 2 Branch Regions 1 Pre-discovered Areas . | . . . Known Exits Taken . | . . . Unknown Exits Taken 2 | 1 1 . Scrap Searched . | . . . Spaces Dug 44 | . 33 11 Terrain Destroyed 181 | . 127 54 Melee . | . . . Projectile . | . . . AOE 181 | . 127 54 Terrain Rammed . | . . . Walls Destroyed . | . . . Machines Disabled . | . . . Actions | -11 -10 -10 --------- Run | Yrd Mat Min Total 1282 | 99 1146 37 Wait 26 | . 26 . Move 1071 | 71 989 11 Hop . | . . . Pick Up 20 | 1 19 . Fast Attach 9 | 7 2 . Attach 2 | . 1 1 Detach 1 | . 1 . Swap 17 | . 15 2 Drop 11 | . 11 . Fire 125 | 20 82 23 Melee . | . . . Ram . | . . . Kick . | . . . Crush . | . . . Escape Stasis . | . . . Rewire . | . . . Trap . | . . . Miscellaneous . | . . . Route ------- -11/Scrapyard -10/Materials (discovered 6 exits: [*Mat x3] / [*Min x2] / [*Sub]) -10/Mines History --------- Turn | Location | Event 6 | -11/Scrapyard | Discovered new exit (range 15) 178 | -11/Scrapyard | Entered Materials 317 | -10/Materials | Build established: Mutant 379 | -10/Materials | Discovered new exit (range 14) 509 | -10/Materials | Discovered new exit (range 12) 733 | -10/Materials | Discovered new exit (range 9) 811 | -10/Materials | Repaired Lgt. Treads 1179 | -10/Materials | Discovered new exit (range 14) 1299 | -10/Materials | Discovered new exit (range 8) 1479 | -10/Materials | Discovered new exit (range 16) 1494 | -10/Materials | Central database locked down 2064 | -10/Materials | Entered Mines 2064 | -10/Mines | Accompanied by 1 ally 2065 | -10/Mines | Assembled infested the area 2121 | -10/Mines | Destroyed 8 combat bots 2142 | -10/Mines | Core integrity fell below 50% 2143 | -10/Mines | Core integrity fell below 20% 2145 | -10/Mines | Destroyed by D-53 Grenadier with Mini Grenade Launcher Last Messages --------------- 02085_ as-69323 destroyed. 02087_ as-12809 destroyed. 02089_ Destroyed Asb. Heavy Rifle. 02091_ as-28516 destroyed. 02091_ Destroyed Asb. Hover Unit. 02093_ as-61343 destroyed. 02096_ The unstable cave ceiling collapses. 02098_ as-65116 destroyed. 02100_ as-34565 destroyed. 02103_ The unstable cave ceiling collapses. 02115_ as-17098 destroyed. 02117_ R-06 Scavenger collects Aluminum Leg. 02119_ The unstable cave ceiling collapses. 02122_ as-30317 destroyed. 02125_ Acquired 12 matter. 02139_ Imp. Treads destroyed. 02144_ The unstable cave ceiling collapses. 02144_ Lgt. Assault Rifle destroyed. 02145_ The unstable cave ceiling collapses. 02145_ Assault Rifle destroyed. Map ----- +----------------------------------------------------+ | ??????????????????????????????????????? | | ??????????????????????????????????????? | | ??????????????????????????????????????? | | ???????????? ?????????????????????????? | | ?????????? #????????????????????????? | | ?????????? #####???????????????????? | | ??????????? ???????????????????? | | ??????????? #???????????????????? | | ???????????? #???? ????????????? | | ???????????? ???? ????????????? | | ????????????? ???# ???????????? | | ????????????? ??# ???????????? | | ?????????????# ### " ??????????? | | ?????????????# ??????????? | | ?????????????# %% # ??????????? | | ????????????## # ??????????? | | ???????????## % # ?????????? | | ??????????## ##????????? | | ?????????## d # %% #?????????? | | ?????????# #????????? | | ?????????# d ### #???????????????? | | ????????## ##???????????????????? | | ????????# ##??????????????????? | | ????????# ##??????????????????? | | ????????## ##??????????????????? | | ?????????# @ #??????????????????? | | ?????????# ##??????????????????? | | ????????# #???????????????????? | | ????????# # #???????????????????? | | ????????#?### ####???????????????????? | | ????????????# #?????????????????????? | | ????????????# = ?????????????????????? | | ???????????? ?????????????????????? | | ????????????[ ?????????????????????? | | ???????????? ????????????????????? | | ???????????? #????????????????????? | | ??????????? ##????????????????????? | | ??????????? #?????????????????????? | | ??????????? % ??????????????????????? | | ???????????# ??????????????????????? | | ????????????# ??????????????????????? | | ??????????????????????????????????????? | | ??????????????????????????????????????? | | ??????????????????????????????????????? | | ??????????????????????????????????????? | | ??????????????????????????????????????? | | ??????????????????????????????????????? | | ??????????????????????????????????????? | | ??????????????????????????????????????? | | ??????????????????????????????????????? | +----------------------------------------------------+ Best States ------------- Heat Dissipation 25 Energy Generation 10 Energy Capacity 250 Matter Stores 300 Matter Capacity 300 Sight Range 16 Terrain Scan Range 16 Terrain Scan Density 10 Evasion (%) 40 Targeting Accuracy 5 Recoil Reduction 2 Item Schematics ----------------- None Robot Schematics ------------------ None Fabricated ------------ Nothing Repaired ---------- Lgt. Treads | 68% | -10/Materials Alien Tech Used ----------------- None Achievements -------------- None Challenges ------------ None Game ------ Seed GodSeismicDrillbomb Manual? 0 Play Time 00:12:41 Cumulative 404.2 hours Start 2025.07.12 @ 04:15:10 End 2025.07.12 @ 04:26:21 Sessions 1 Manual Loads 0 Difficulty Rogue Special Mode None Game No. 232 Rogue 232 Adventurer 0 Explorer 0 Win Type - Total 4 Types 2/0/1/1/0/0/0/0/0/0 Lore% 85 Gallery% 73 Achievement% 67 Wizard Run 0 Options --------- Layout 2 ASCII 0 Keyboard 1 Movement Vi Keybinds 0 Fullscreen 1 Font 16/Tamsyn Map View 55x47 Zoom Use 0% Tactical HUD 1 Map Filters NONE Filters NONE Steam 0 RUN: 517794c6-d0ac-4d03-a6fc-b38130f4e0ef